 Dungeon Sprint DCSS version 0.31-a0-960-g0fca184906 (webtiles) character file.

Game seed: 17475886916124367472

29096 sircluck the Brawler (level 13, -3/152 HPs)
             Began as a Troll Berserker on Oct 23, 2023.
             Was a High Priest of Trog.
             Succumbed to a swamp dragon's poison gas
             ... in the Dungeon (Sprint VII: "The Pits").
             The game lasted 00:07:13 (2214 turns).

sircluck the Brawler (Troll Berserker)              Turns: 2214, Time: 00:07:14

Health: -3/152     AC:  6    Str: 32    XL:     13   Next: 13%
Magic:  12/12      EV: 34    Int:  3    God:    Trog [*****.]
Gold:   24         SH:  0    Dex: 12    Spells: 12/12 levels left

rFire   . .          .
                       - Unarmed
rCold   . . .        (no shield)
rNeg    . . .        a - +0 animal skin
rPois   .            (helmet restricted)
rElec   .            o - +0 cloak
rCorr   .            (gloves unavailable)
SInv    .            (boots unavailable)
Will    .....        x - amulet of the acrobat
Stlth   +            k - +3 ring of dexterity
HPRegen 1.25/turn    l - +3 ring of evasion
MPRegen 0.13/turn

%: no teleportation, acrobat
@: lethally poisoned (-3 -> -24), acrobatic
A: large, unfitting armour, claws 3, regeneration 1, shaggy fur 1, tough skin 1,
horns 1, evolution 1, MP-powered wands
a: Renounce Religion, Berserk, Trog's Hand, Brothers in Arms


You were in the Dungeon.
You worshipped Trog.
Trog was extremely pleased with you.
You visited 1 branch You collected 24 gold pieces.

Inventory:

Missiles
 m - 4 javelins
 p - 9 large rocks
 z - 3 datura-tipped darts
 A - 2 atropa-tipped darts
Armour
 a - a +0 animal skin (worn)
 o - a +0 cloak (worn)
Jewellery
 k - a +3 ring of dexterity (left claw)
 l - a +3 ring of evasion (right claw)
 v - a ring of resist corrosion
 w - a ring of fire
 x - an amulet of the acrobat (around neck)
 y - a ring of ice
 C - the ring "Xugener" {rPois rN+}
   (You found it in the Dungeon)

   [ring of poison resistance]

   rPois:     It protects you from poison rN+: It protects you from negative
   energy.
Wands
 B - a wand of paralysis (4)
Scrolls
 g - 3 scrolls of blinking
 i - 2 scrolls of vulnerability
 j - a scroll of summoning
 q - a scroll of fear
 r - 2 scrolls of identify
 t - 2 scrolls of enchant armour
 u - 3 scrolls of fog
Potions
 b - 7 potions of curing
 c - 7 potions of heal wounds
 d - 2 potions of haste
 e - 4 potions of magic
 f - 6 potions of berserk rage
 h - 3 potions of invisibility
 n - 2 potions of might
 s - 2 potions of mutation


   Skills:
 + Level 15.8 Fighting
 + Level 13.7 Armour
 + Level 15.8 Dodging
 + Level 18.5 Unarmed Combat


You had 12 spell levels left.
You didn't know any spells.
Your spell library was empty.

Dungeon Overview and Level Annotations

Branches:
Dungeon (1/1)

Altars:
Ashenzari
Cheibriados
Dithmenos
Elyvilon
Fedhas
Gozag
Hepliaklqana
Kikubaaqudgha
Makhleb
Nemelex Xobeh
Okawaru
Qazlal
Ru
Sif Muna
Trog
Uskayaw
Vehumet
Wu Jian
Xom
Yredelemnul
Zin
The Shining One
Jiyva
Lugonu


Innate Abilities, Weirdness & Mutations

You are too large for most types of armour.
You have claws for hands.
Your natural rate of healing is unusually fast.
You are covered in fur. (AC +1)
You have tough skin. (AC +1)
You have a pair of small horns on your head.
You have hidden genetic potential.
You expend magic power (3 MP) to strengthen your wands.


Message History

Something completely misses your iron troll.
Something bites your iron troll but does no damage.
Something claws your iron troll but does no damage.
Something bites your iron troll but does no damage.
Something claws your iron troll.
Something bites your iron troll but does no damage.
Something closely misses your iron troll.
Something bites your iron troll.
Something claws your iron troll but does no damage.
Your iron troll disappears in a puff of smoke!
The steam dragon breathes steam at you. The ball of steam misses you.
You hear a croak.
You hear a deafening roar!
You are engulfed in a cloud of scalding steam.
* * * LOW HITPOINT WARNING * * *
The steam dragon completely misses you. The steam dragon misses you.
You mangle the steam dragon!!
You kill the steam dragon!
Trog accepts your kill.
You are engulfed in a cloud of scalding steam.
* * * LOW HITPOINT WARNING * * *
Unknown command.
You start resting.
A swamp dragon comes into view.
Your stone giant goes berserk!
The swamp dragon breathes poison at you.
The blast of poison misses you.
You feel better.
You are engulfed in poison gas.
You are poisoned.
* * * LOW HITPOINT WARNING * * *
You feel very sick.
Your stone giant is engulfed in poison gas.
Your stone giant is poisoned.
Unknown command.
Unknown command.
Unknown command.
You swap places.
You are engulfed in poison gas.
You are lethally poisoned!
* * * LOW HITPOINT WARNING * * *
You die...

...................''..........#
.################..##..#....#..#
.# #D#.# #..##..........+ .#
#)#.##).##..........+ .#
#§#)#).####''####''# .#
#§#|○.####''####''## .#
#.#)#D☼##......##....
.################C☼##.#'##.##....
...............§@○○##.#..+.##..##
...............☼..☼##.+..#.##..#
########++###########.#))+.##..#
########++###########.+%:#.##..#
...............##..##.##)#.##..#
.....#..#......##..##.))...##.)#
...............''..##########))#
...............''.)##########))#
.....#..#......##.))).......)..#


You could see a swamp dragon (catching breath, ally target) and a friendly stone
giant (summoned, berserk, poisoned).

Vanquished Creatures
  A hydra (D)
  An anaconda (D)
  3 boulder beetles (D)
  An alligator snapping turtle (D)
  A two-headed ogre (D)
  Urug (D)
  An orc high priest (D)
  A sea snake (D)
  A swamp dragon (D)
  A bog body (D)
  A phantasmal warrior (D)
  A deep elf pyromancer (D)
  2 orc knights (D)
  An elephant (D)
  2 cyclopes (D)
  A smoke demon (D)
  A molten gargoyle (D)
  A guardian mummy (D)
  An efreet (D)
  A wandering mushroom (D)
  2 trolls (D)
  A polar bear (D)
  A tarantella (D)
  A hornet (D)
  2 hellwings (D)
  3 blink frogs (D)
  A jumping spider (D)
  2 spriggans (D)
  A flying skull (D)
  A wyvern (D)
  A steam dragon (D)
  A small abomination (D)
  2 wargs (D)
  A naga (D)
  3 orc warriors (D)
  An ogre (D)
  2 centaurs (D)
  A kobold brigand (D)
  A necrophage (D)
  A bullfrog (D)
  2 scorpions (D)
  A gnoll bouda (D)
  A jelly (D)
  A hound (D)
  2 iguanas (D)
  An orc wizard (D)
  5 gnolls (D)
  A river rat (D)
  A white imp (D)
  An adder zombie (D)
  2 adder simulacra (D)
  5 orcs (D)
  An endoplasm (D)
  A goblin (D)
  A hobgoblin (D)
  3 jackals (D)
  A kobold (D)
  4 bats (D)
  A frilled lizard (D)
  A quokka skeleton (D)
89 creatures vanquished.

Vanquished Creatures (collateral kills)
  A sphinx (D)
  2 nagarajas (D)
  A vampire knight (D)
  2 deep elf demonologists (D)
  A yaktaur captain (D)
  Erica (D)
  A spriggan air mage (D)
  A death knight (D)
  A naga warrior (D)
  A demonic crawler (D)
  A spriggan druid (D)
  A lindwurm (D)
  A large abomination (D)
  A swamp dragon (D)
  A naga mage (D)
  An orange demon (D)
  A kobold demonologist (D)
  4 yaktaurs (D)
  A merfolk (D)
  A polar bear (D)
  A blink frog (D)
  A fire bat (D)
  A fire elemental (D)
  4 vampire mosquitoes (D)
  2 orc warriors (D)
  An ogre (D)
  A phantom (D)
  A small abomination (D)
  2 orc priests (D)
  An orc wizard (D)
  A white imp (D)
  An orc (D)
  A quokka (D)
  2 kobolds (D)
45 creatures vanquished.

Vanquished Creatures (others)
  A kobold brigand (D)
  An orc (D)
2 creatures vanquished.

Grand Total: 136 creatures vanquished

Notes
Turn   | Place    | Note
-------+----------+-------------------------------------------
     0 | D        | sircluck the Troll Berserker began the quest for the Orb.
     0 | D        | Reached XP level 1. HP: 22/22 MP: 0/0
    25 | D        | Found a bloodstained altar of Trog.
    25 | D        | Found a shimmering blue altar of Sif Muna.
    25 | D        | Found a viscous altar of Jiyva.
    25 | D        | Found a hazy altar of Hepliaklqana.
    25 | D        | Found an opulent altar of Gozag.
    27 | D        | Found a glowing golden altar of the Shining One.
    27 | D        | Found a glowing silver altar of Zin.
    27 | D        | Found a basalt altar of Yredelemnul.
    27 | D        | Found a shimmering altar of Xom.
    27 | D        | Found an ornate altar of the Wu Jian Council.
    27 | D        | Found a sacrificial altar of Ru.
    27 | D        | Found a stormy altar of Qazlal.
    27 | D        | Found an iron altar of Okawaru.
    27 | D        | Found a sparkling altar of Nemelex Xobeh.
    27 | D        | Found a burning altar of Makhleb.
    27 | D        | Found a blossoming altar of Fedhas.
    27 | D        | Found a white marble altar of Elyvilon.
    27 | D        | Found a shadowy altar of Dithmenos.
    27 | D        | Found a snail-covered altar of Cheibriados.
    29 | D        | Found a radiant altar of Vehumet.
    29 | D        | Found a corrupted altar of Lugonu.
    30 | D        | Found a hide-covered altar of Uskayaw.
    30 | D        | Found an ancient bone altar of Kikubaaqudgha.
    30 | D        | Found a broken altar of Ashenzari.
    67 | D        | Reached ** piety under Trog
    68 | D        | Reached XP level 2. HP: 31/31 MP: 1/1
    83 | D        | Reached skill level 4 in Unarmed Combat
    96 | D        | Reached *** piety under Trog
   100 | D        | Reached XP level 3. HP: 35/39 MP: 2/2
   107 | D        | Reached skill level 5 in Unarmed Combat
   111 | D        | Reached **** piety under Trog
   112 | D        | Reached XP level 4. HP: 13/49 MP: 3/3
   155 | D        | Reached ***** piety under Trog
   156 | D        | Reached skill level 5 in Fighting
   206 | D        | Noticed a necrophage
   221 | D        | Killed a necrophage
   222 | D        | Reached skill level 5 in Dodging
   222 | D        | Reached skill level 6 in Unarmed Combat
   222 | D        | Reached XP level 5. HP: 59/59 MP: 4/4
   260 | D        | Reached skill level 7 in Unarmed Combat
   274 | D        | Noticed a flying skull
   277 | D        | Killed a flying skull
   278 | D        | Reached skill level 8 in Unarmed Combat
   278 | D        | Reached XP level 6. HP: 47/71 MP: 5/5
   314 | D        | Reached skill level 9 in Unarmed Combat
   315 | D        | Noticed a troll
   317 | D        | Killed a troll
   317 | D        | Received a gift from Trog
   318 | D        | Reached XP level 7. HP: 80/80 MP: 6/6
   325 | D        | Reached skill level 1 in Armour
   330 | D        | Reached skill level 10 in Unarmed Combat
   332 | D        | Reached ****** piety under Trog
   351 | D        | Noticed a troll
   351 | D        | Noticed an efreet
   356 | D        | Killed an efreet
   357 | D        | Reached XP level 8. HP: 91/91 MP: 7/7
   364 | D        | Killed a troll
   530 | D        | Gained mutation: You sometimes lose your temper in combat.
                  | [potion of mutation]
   592 | D        | Noticed Urug
   598 | D        | Noticed a cyclops
   598 | D        | Noticed a smoke demon
   608 | D        | Killed Urug
   608 | D        | Identified the +2 dagger "Uqec" {heavy, *Corrode rElec
                  | Will+++ Int-2} (Trog gifted it to you in the Dungeon)
   608 | D        | Received a gift from Trog
   609 | D        | Reached skill level 11 in Unarmed Combat
   611 | D        | Killed a cyclops
   612 | D        | Reached skill level 10 in Fighting
   612 | D        | Reached skill level 5 in Armour
   612 | D        | Reached skill level 10 in Dodging
   612 | D        | Reached XP level 9. HP: 53/101 MP: 8/8
   612 | D        | Killed a smoke demon
   613 | D        | Reached skill level 12 in Unarmed Combat
   769 | D        | Noticed a phantasmal warrior
   780 | D        | Killed a phantasmal warrior
   841 | D        | Noticed a boulder beetle
   857 | D        | Killed a boulder beetle
   888 | D        | Noticed a guardian mummy
   902 | D        | Killed a guardian mummy
   943 | D        | Noticed a swamp dragon
   943 | D        | Noticed a polar bear
   955 | D        | Killed a swamp dragon
   956 | D        | Reached skill level 13 in Unarmed Combat
   956 | D        | Reached XP level 10. HP: 114/114 MP: 9/9
   957 | D        | Received a gift from Trog
  1160 | D        | Noticed an orc knight
  1170 | D        | Killed an orc knight
  1174 | D        | Received a gift from Trog
  1209 | D        | Noticed a death knight
  1212 | D        | Noticed a large abomination
  1212 | D        | Killed a death knight
  1213 | D        | Reached skill level 14 in Unarmed Combat
  1215 | D        | Killed a large abomination
  1243 | D        | Noticed a boulder beetle
  1253 | D        | Identified the +10 great mace of Teso {antimagic, Fly}
                  | (Trog gifted it to you in the Dungeon)
  1253 | D        | Received a gift from Trog
  1256 | D        | Killed a boulder beetle
  1257 | D        | Reached XP level 11. HP: 107/124 MP: 10/10
  1280 | D        | Noticed Erica
  1283 | D        | Noticed a demonic crawler
  1291 | D        | Killed a demonic crawler
  1291 | D        | Received a gift from Trog
  1293 | D        | Killed Erica
  1294 | D        | Reached skill level 15 in Unarmed Combat
  1296 | D        | Reached skill level 10 in Armour
  1300 | D        | Received a gift from Trog
  1325 | D        | Noticed a bog body
  1329 | D        | Killed a bog body
  1439 | D        | Lost mutation: You sometimes lose your temper in combat.
                  | [potion of mutation]
  1439 | D        | Gained mutation: You have hidden genetic potential. [potion
                  | of mutation]
  1439 | D        | Gained mutation: You expend magic power (3 MP) to
                  | strengthen your wands. [potion of mutation]
  1612 | D        | Received a gift from Trog
  1634 | D        | Noticed a lindwurm
  1640 | D        | Killed a lindwurm
  1709 | D        | Noticed an orc knight
  1712 | D        | Noticed a deep elf pyromancer
  1714 | D        | Killed an orc knight
  1720 | D        | Killed a deep elf pyromancer
  1720 | D        | Received a gift from Trog
  1721 | D        | Reached skill level 16 in Unarmed Combat
  1731 | D        | Noticed a sea snake
  1732 | D        | Noticed a spriggan rider
  1746 | D        | Killed a sea snake
  1764 | D        | Received a gift from Trog
  1795 | D        | Noticed a two-headed ogre
  1795 | D        | Noticed an alligator snapping turtle
  1800 | D        | Killed a two-headed ogre
  1801 | D        | Reached XP level 12. HP: 73/139 MP: 11/11
  1823 | D        | Killed an alligator snapping turtle
  1962 | D        | Noticed a spriggan air mage
  1962 | D        | Noticed a deep elf demonologist
  1962 | D        | Noticed a nagaraja
  1963 | D        | Noticed a sphinx
  1963 | D        | Noticed an eight-headed hydra
  1964 | D        | Received a gift from Trog
  1966 | D        | Noticed a balrug
  1966 | D        | Killed a deep elf demonologist
  1969 | D        | Killed a sphinx
  1970 | D        | Killed a nine-headed hydra
  1971 | D        | Reached skill level 17 in Unarmed Combat
  1973 | D        | Killed a spriggan air mage
  1973 | D        | Received a gift from Trog
  1975 | D        | Killed a nagaraja
  1998 | D        | Gained mutation: You have a pair of small horns on your
                  | head. [hidden potential]
  2000 | D        | Found the +8 frozen axe "Frostbite" {freeze, freezing
                  | cloud, *Noise Fly rC+}
  2009 | D        | Got the ring "Xugener" {rPois rN+}
  2080 | D        | Noticed a boulder beetle
  2087 | D        | Killed a boulder beetle
  2095 | D        | Received a gift from Trog
  2095 | D        | Noticed a vampire knight
  2102 | D        | Killed a vampire knight
  2103 | D        | Reached skill level 15 in Fighting
  2103 | D        | Reached skill level 15 in Dodging
  2116 | D        | Received a gift from Trog
  2127 | D        | Noticed an anaconda
  2129 | D        | Killed an anaconda
  2129 | D        | Noticed an orc high priest
  2132 | D        | Killed an orc high priest
  2145 | D        | Received a gift from Trog
  2146 | D        | Reached skill level 18 in Unarmed Combat
  2150 | D        | Identified the +7 quarterstaff of Yhuwunog {freeze, Fragile
                  | Fly Stlth+}
  2152 | D        | Noticed a yaktaur captain
  2157 | D        | Noticed a deep elf demonologist
  2162 | D        | Killed a yaktaur captain
  2163 | D        | Noticed a naga warrior
  2165 | D        | Killed a naga warrior
  2166 | D        | Reached XP level 13. HP: 59/150 MP: 12/12
  2167 | D        | Killed a deep elf demonologist
  2167 | D        | Identified the +8 quarterstaff "Maghanen" {flame, rC+
                  | Dex+2} (Trog gifted it to you in the Dungeon)
  2167 | D        | Received a gift from Trog
  2180 | D        | Noticed a nagaraja
  2186 | D        | Killed a nagaraja
  2188 | D        | HP: 5/152 [poisoned by a nagaraja (bolt of poison)]
  2192 | D        | HP: 2/152 [poisoned by a nagaraja (bolt of poison)]
  2197 | D        | HP: 4/152 [poisoned by a nagaraja (bolt of poison)]
  2204 | D        | HP: 7/152 [steam dragon] (4)]
  2205 | D        | HP: 2/152 [something (6)]
  2214 | D        | HP: 4/152 [swamp dragon] (8)]
  2214 | D        | Succumbed to a swamp dragon's poison gas

Illustrated notes

Levels and vault maps discovered:
D:        pitsprint [storerooms_1, entrance_room_1, metal_vault_5, armoury_3,
          mini_pit_1, grid_room_1, main_hall_1, silver_pit, the_coven_1,
          the_vestibule_1, steel_vault_2, golden_pit, hallway_of_sentries,
          crystal_vault_6, iron_vault_1, final_vault]

Skill      XL: |  1  2  3  4  5  6  7  8  9 10 11 12 |
---------------+-------------------------------------+-----
Fighting       | 3 4 5 7 8 10 11 12 14 15 | 15.8
Dodging        | 3 4 5 7 8 10 11 12 13 15 | 15.8
Unarmed Combat | 4 5 6 8 9 10 11 13 14 16 18 | 18.5
Armour         | 2 5 7 9 11 13 | 13.7

Action                     |  1- 3 |  4- 6 |  7- 9 | 10-12 | 13-15 || total
---------------------------+-------+-------+-------+-------+-------++-------
  Melee: Unarmed           |    25 |    40 |    66 |   159 |     3 ||   293
         Punch             |     1 |     1 |     7 |    10 |     1 ||    20
         Headbutt          |       |       |       |     8 |       ||     8
 Invoke: Berserk           |       |       |     5 |     1 |       ||     6
         Brothers in Arms  |       |       |       |     9 |     1 ||    10
    Use: Potion            |       |     1 |     1 |     3 |     1 ||     6
   Stab: Sleeping          |     1 |       |       |       |       ||     1
 Armour: Animal skin       |    25 |    35 |    52 |    90 |     6 ||   208
  Dodge: Dodged            |    24 |    25 |    29 |   123 |    10 ||   211

Table legend: (Time is in decaauts)
 A = Elapsed time spent in this place.
 B = Non-inter-level travel time spent in this place.
 C = Inter-level travel time spent in this place.
 D = Time resting spent in this place.
 E = Time spent auto-exploring this place.
 F = Levels seen in this place.
 G = Mean time per level.
                   A        B        C        D        E       F      G
               +--------+--------+--------+--------+--------+-----+--------+
         Total |   2215 |   2204 |     11 |    856 |    357 |   1 | 2215.0 |
       Dungeon |   2215 |   2204 |     11 |    856 |    357 |   1 | 2215.0 |
               +--------+--------+--------+--------+--------+-----+--------+

Top non-repeatable levels by time:
       D: 2215 daAuts
